Map: Dusk Towers

Players

Elazer - Winner!

  • Race: Zerg Zerg
  • League: Grandmaster

Nice

  • Race: Protoss Protoss

Event: DreamHack ZOWIE Open Leipzig

VOD

Have the link to the VOD?

Description

Time

  • Played on: Jan. 22, 2016, 8:09 a.m.
  • Length: 7:45

All games in this series

Show
View Real Time Build Order
Export as new Build Order

Elazer Zerg - Winner!

Build Orders: Hatch First 

Get SALT Encoding   

  12  0:00  Drone  
  13  0:12  Overlord  
  13  0:17  Drone  
  14  0:30  Drone x2  
  14  0:34  Drone  
  17  0:51  Hatchery  
  17  0:54  Drone  
  17  0:57  Drone  
  18  1:08  Extractor  
  17  1:12  Spawning Pool  
  17  1:15  Drone  
  17  1:17  Drone  
  18  1:28  Drone  
  19  1:38  Overlord  
  19  1:52  Drone  
  20  1:59  Queen  
  20  2:00  Zergling x2  
  23  2:02  Queen  
  23  2:03  Drone  
  26  2:10  Metabolic Boost  
  26  2:11  Drone  
  26  2:15  Drone  
  28  2:24  Drone x2  
  30  2:32  Drone  
  30  2:36  Hatchery  
  30  2:43  Drone x2  
  32  2:46  Queen  
  34  2:57  Overlord  
  35  2:58  Drone x2  
  36  3:15  Drone x2  
  36  3:16  Drone x3  
  36  3:17  Drone x3  
  44  3:21  Overlord  
  44  3:32  Extractor  
  44  3:33  Roach Warren  
  42  3:38  Drone x2  
  42  3:39  Drone  
  45  3:44  Drone x2  
  47  3:49  Drone x4  
  47  3:52  Drone  
  47  3:54  Drone x3, Overlord  
  55  4:01  Drone  
  55  4:02  Drone  
  57  4:04  Drone  
  58  4:11  Lair  
  58  4:13  Drone, Extractor  
  58  4:16  Drone x2  
  60  4:20  Extractor  
  60  4:21  Drone, Extractor  
  60  4:22  Overlord  
  60  4:23  Drone x2  
  60  4:24  Drone x3  
  64  4:32  Overlord  
  64  4:39  Drone x2  
  64  4:40  Overlord  
  64  4:43  Evolution Chamber  
  65  4:47  Drone x4  
  65  4:49  Drone  
  65  4:50  Drone x3  
  65  4:51  Overlord x2  
  73  4:55  Hatchery  
  73  5:00  Roach x3  
  73  5:07  Roach x4  
  83  5:08  Hydralisk Den  
  83  5:09  Zerg Missile Weapons Level 1, Glial Reconstitution  
  83  5:11  Drone  
  83  5:12  Extractor  
  84  5:16  Overseer  
  84  5:18  Drone x3  
  87  5:21  Overseer  
  87  5:23  Overlord  
  87  5:26  Roach x4  
  95  5:39  Overlord  
  95  5:40  Overlord x2  
  95  5:42  Hydralisk x3, Muscular Augments  
  97  5:46  Hydralisk  
  103  5:50  Hydralisk  
  103  5:54  Overlord x2  
  105  5:57  Queen  
  105  6:01  Hydralisk x3  
  105  6:03  Hydralisk  
  105  6:04  Hydralisk  
  113  6:09  Hydralisk x2  
  121  6:13  Hydralisk  
  121  6:15  Roach  
  121  6:16  Roach  
  127  6:20  Roach x3  
  133  6:27  Overlord x2  
  133  6:29  Hydralisk  
  133  6:30  Hydralisk x2  
  139  6:33  Roach  
  139  6:34  Roach  
  139  6:38  Roach x3  
  147  6:47  Roach x6  
  151  6:56  Roach x5  
  161  7:02  Roach x3  
  161  7:07  Overlord x2  
  167  7:21  Ravager  
Show
View Real Time Build Order
Export as new Build Order

Nice Protoss 

Build Orders: Nexus First, Zealot Archon 

Get SALT Encoding   

  12  0:01  Probe (Chrono Boost)  
  13  0:11  Probe (Chrono Boost)  
  14  0:22  Probe (Chrono Boost), Pylon  
  15  0:40  Probe (Chrono Boost)  
  16  0:50  Probe (Chrono Boost)  
  17  0:57  Nexus  
  17  1:07  Gateway  
  17  1:10  Probe (Chrono Boost)  
  18  1:21  Probe (Chrono Boost)  
  18  1:22  Assimilator  
  19  1:27  Assimilator  
  19  1:31  Probe (Chrono Boost)  
  20  1:36  Gateway  
  20  1:42  Probe (Chrono Boost)  
  21  1:52  Probe (Chrono Boost)  
  22  1:57  Cybernetics Core  
  22  2:03  Probe (Chrono Boost)  
  23  2:10  Pylon  
  23  2:12  Probe (Chrono Boost)  
  23  2:13  Probe (Chrono Boost)  
  25  2:23  Probe (Chrono Boost)  
  25  2:24  Probe (Chrono Boost)  
  27  2:33  Probe (Chrono Boost)  
  27  2:34  Probe (Chrono Boost), Adept (Chrono Boost)  
  31  2:39  Stalker (Chrono Boost)  
  31  2:42  Warp Gate  
  33  2:47  Probe  
  33  2:50  Mothership Core (Chrono Boost)  
  35  2:59  Probe (Chrono Boost)  
  35  3:05  Sentry  
  38  3:08  Sentry  
  38  3:10  Probe x2 (Chrono Boost)  
  42  3:17  Pylon  
  42  3:20  Probe (Chrono Boost)  
  42  3:21  Probe (Chrono Boost)  
  44  3:31  Probe x2 (Chrono Boost)  
  46  3:42  Probe x2 (Chrono Boost)  
  46  3:44  Nexus  
  46  3:45  Pylon  
  48  3:50  Pylon  
  48  3:52  Probe x2 (Chrono Boost)  
  50  3:56  Robotics Facility  
  50  4:02  Twilight Council  
  50  4:03  Probe (Chrono Boost)  
  50  4:05  Probe (Chrono Boost)  
  50  4:08  Assimilator  
  52  4:13  Gateway  
  52  4:18  Gateway  
  52  4:25  Probe x2 (Chrono Boost)  
  52  4:28  Pylon  
  52  4:30  Charge (Chrono Boost)  
  54  4:34  Probe (Chrono Boost)  
  54  4:35  Probe (Chrono Boost)  
  56  4:44  Probe  
  56  4:46  Pylon  
  56  4:47  Probe  
  56  4:51  Templar Archives  
  58  4:56  Gateway  
  58  4:57  Gateway  
  58  5:03  Gateway  
  58  5:07  Gateway  
  58  5:10  Warp Prism (Chrono Boost)  
  60  5:19  Gateway  
  60  5:21  Gateway  
  60  5:35  High Templar  
  63  5:43  Observer (Chrono Boost)  
  63  5:48  High Templar  
  65  5:52  Archon  
  65  6:05  Zealot x2  
  69  6:13  Pylon  
  69  6:14  Pylon  
  69  6:16  Pylon  
  69  6:25  Zealot x10  
  87  6:27  Immortal (Chrono Boost)  
  81  6:51  High Templar x2  
  81  6:52  Probe, Zealot x8  
  81  6:53  Probe x2 (Chrono Boost)  
  87  7:00  Immortal (Chrono Boost), Assimilator x2  
  91  7:01  Pylon  
  91  7:04  Probe (Chrono Boost)  
  91  7:05  Probe x2 (Chrono Boost), Assimilator  
  91  7:06  Archon  
  94  7:15  Probe (Chrono Boost)  
  95  7:16  Probe x2 (Chrono Boost)  
  97  7:25  Probe (Chrono Boost)  
  97  7:26  Probe (Chrono Boost)  
  97  7:27  Probe (Chrono Boost)  
  96  7:32  Zealot  
  96  7:33  Zealot x6  
  96  7:34  Zealot  

Tags
 
Add a new tag
Caveats
  • Supply blocks, unpowered buildings, or Contaminate may cause inaccurate times.
  • Supply counts are checked every 10 seconds.